 Dungeon Crawl Stone Soup version 0.24-a0-618-ge4662a2d14 (webtiles) character file.

Game seed: 3200971125757414413, levelgen mode: deterministic

24768 E1999 the Cleaver (level 12, -8/95 HPs)
             Began as a Minotaur Fighter on Sept 14, 2019.
             Was a High Priest of Hepliaklqana.
             Headbutted by a minotaur (11 damage)
             ... in a Gauntlet on Sept 15, 2019.
             The game lasted 00:34:30 (12214 turns).

E1999 the Cleaver (Minotaur Fighter)               Turns: 12214, Time: 00:34:31

Health: -8/95      AC: 20    Str: 22    XL:     12   Next: 83%
Magic:  14/14      EV: 13    Int:  5    God:    Hepliaklqana [*****.]
Gold:   592        SH: 11    Dex: 19    Spells: 11/11 levels left

rFire    . . .     SeeInvis .   u - +4 war axe (flame)
rCold    . . .     Gourm    .   c - +0 shield
rNeg     . . .     Faith    .   T - +0 plate armour
rPois    .         Spirit   .   r - +1 hat
rElec    .         Reflect  .   Q - scarf {repulsion}
rCorr    .         Harm     .   q - +2 pair of gloves
MR       +....     NoTele   +   o - +0 pair of boots
Stlth    ..........             W - amulet of the acrobat
HPRegen  0.25/turn              k - ring of protection from magic
MPRegen  0.14/turn              Z - +5 ring of dexterity

@: hasted, repel missiles, very quick
A: retaliatory headbutt, reduced essence, horns 2
a: Recall Ancestor, Ancestor Identity, Transference, Idealise, Renounce Religion


You were in a Gauntlet.
You worshipped Hepliaklqana.
Hepliaklqana was extremely pleased with you.
You were not hungry.

You visited 4 branches of the dungeon, and saw 19 of its levels.
You also visited: Gauntlet.

You collected 592 gold pieces.

Inventory:

Hand Weapons
 a - the cursed +1 bardiche of Annihilation {antimagic, rElec rC+}
   (You found it in a Gauntlet)

   It reduces the magical energy of the wielder, and disrupts the spells and
   magical abilities of those hit.
   Natural abilities and divine invocations are not affected.
   It protects you from cold.
   It insulates you from electricity.
   It has a curse placed upon it.
 u - a +4 war axe of flaming (weapon)
Missiles
 z - 8 atropa-tipped darts (quivered)
Armour
 c - a +0 shield (worn)
 o - a +0 pair of boots (worn)
 q - a +2 pair of gloves (worn)
 r - a +1 hat (worn)
 Q - a scarf of repulsion (worn)
 T - a +0 plate armour (worn)
Jewellery
 h - an uncursed ring of protection from cold
 k - a ring of protection from magic (left hand)
 x - an uncursed ring of stealth
 A - an uncursed ring of teleportation
 D - an uncursed ring of protection from magic
 G - an uncursed ring of flight
 I - a +3 ring of protection
 W - an amulet of the acrobat (around neck)
 Z - a +5 ring of dexterity (right hand)
Wands
 y - a wand of disintegration (41)
 B - a wand of enslavement (7)
 P - a wand of digging (3)
 V - a wand of iceblast (3)
Scrolls
 e - 3 scrolls of enchant weapon
 m - 4 scrolls of teleportation
 w - a scroll of amnesia
 O - a scroll of enchant armour
 X - a scroll of summoning
Potions
 d - 2 potions of might
 g - a potion of lignification
 j - a potion of resistance {unknown}
 p - a potion of agility
 s - 2 potions of haste
 v - 2 potions of magic
 F - 2 potions of degeneration
 H - 2 potions of flight
 J - a potion of brilliance
 K - a potion of heal wounds {unknown}
 Y - a potion of cancellation {unknown}
Comestibles
 f - 27 rations


   Skills:
 - Level 10.0 Fighting
   Level 2.5 Short Blades
 - Level 14.2 Axes
 * Level 10.5 Armour
 - Level 12.2 Dodging
 * Level 5.9 Shields
 + Level 4.9 Invocations
 + Level 4.4 Evocations


You had 11 spell levels left.
You didn't know any spells.
Your spell library contained the following spells:

 Spells                   Type           Power        Failure   Level  Hunger
 Animate Skeleton         Necr           N/A          100%        1    ##.....
 Apportation              Tloc           #.....       100%        1    ##.....
 Confusing Touch          Hex            #.....       100%        1    ##.....
 Corona                   Hex            #......      100%        1    ##.....
 Pain                     Necr           #...         100%        1    ##.....
 Summon Small Mammal      Summ           #...         100%        1    ##.....
 Call Imp                 Summ           #.......     100%        2    ###....
 Corpse Rot               Necr           N/A          100%        2    ###....
 Ensorcelled Hibernation  Hex/Ice        #.....       100%        2    ###....
 Sublimation of Blood     Necr           #.........   100%        2    ###....
 Call Canine Familiar     Summ           #.......     100%        3    ####...
 Confuse                  Hex            #.......     100%        3    ####...
 Dazzling Spray           Conj/Hex       #.....       100%        3    ####...
 Gell's Gravitas          Tloc           #.........   100%        3    ####...
 Summon Guardian Golem    Hex/Summ       #.......     100%        3    ####...
 Tukima's Dance           Hex            #.......     100%        3    ####...
 Vampiric Draining        Necr           #.........   100%        3    ####...
 Petrify                  Tmut/Erth      #.......     100%        4    #####..
 Summon Ice Beast         Ice/Summ       #.......     100%        4    #####..
 Summon Lightning Spire   Summ/Air       #.......     100%        4    #####..
 Metabolic Englaciation   Hex/Ice        #.........   100%        5    ######.
 Silence                  Hex/Air        #.........   100%        5    ######.
 Yara's Violent Unravell  Hex/Tmut       #.........   100%        5    ######.
 Conjure Ball Lightning   Conj/Air       #.........   100%        6    #######
 Deflect Missiles         Chrm/Air       #.........   100%        6    #######
 Tornado                  Air            #.........   100%        9    #######


Dungeon Overview and Level Annotations

Branches:
Dungeon (13/15)            Temple (1/1) D:7            Lair (4/6) D:10
 Spider (1/4) Lair:2      Gauntlet (1/1)
  Swamp: Lair:2-4    Shoals: Lair:2-4       Orc: D:9-12      Vaults: D:13-14

Altars:
Ashenzari
Cheibriados
Dithmenos
Elyvilon
Fedhas
Gozag
Hepliaklqana
Kikubaaqudgha
Nemelex Xobeh
Okawaru
Qazlal
Ru
Sif Muna
Trog
Uskayaw
Vehumet
Wu Jian
Xom
Zin
The Shining One

Shops:
D:6 [

Annotations:
Gauntlet 5 transporters, 1 runed translucent door


Innate Abilities, Weirdness & Mutations

You reflexively headbutt those who attack you in melee.
You have a pair of horns on your head.
Your life essence is reduced to manifest your ancestor. (-10% HP)


Message History

The minotaur is heavily wounded.
The minotaur hits you!!
* * * LOW HITPOINT WARNING * * *
You block the minotaur's attack.
You slice the minotaur!! You burn the minotaur.
The minotaur is severely wounded.
Your plate armour prevents you from hitting the minotaur.
The minotaur furiously retaliates!
The minotaur headbutts you, but does no damage.
You headbutt the minotaur.
The minotaur is severely wounded.
The minotaur closely misses you. You furiously retaliate!
You headbutt the minotaur. The minotaur closely misses you.
Your plate armour prevents you from hitting the minotaur.
The minotaur furiously retaliates!
The minotaur headbutts you, but does no damage.
The minotaur is almost dead.
Your shield and plate armour prevent you from hitting the minotaur.
The minotaur furiously retaliates!
The minotaur headbutts you!
You die...

######## # ####.##....
#..# #....##.##.....#
..### ## #..@.##.##..#
§.#..
#..##.##H(..##..###§.#.#
#...§##.##.......#..#.+
#.##§§§§##.##...©#..###
#.######§§.(##....#.∩...
# #∩H..§§##.......#.....
########(##.##...©#..###
#..##.##....##....#..#).
##....##.##.....###..#..


You could see a minotaur.

Vanquished Creatures
  A death ooze (Gauntlet)
  2 hydras
  2 two-headed ogres
  The ghost of Ripnakha the Grappler, a novice TrMo of Elyvilon (D:9)
  The ghost of paps the Sneak, a novice DsFi of Okawaru (D:9)
  A sixfirhy (Gauntlet)
  2 unseen horrors
  An orb spider (Spider:1)
  2 cyclopes (D:12)
  2 centaur zombies
  A centaur skeleton (D:10)
  5 spiny frogs
  A rime drake (Lair:4)
  2 komodo dragons
  A tengu conjurer (D:12)
  A queen bee (Lair:1)
  5 jumping spiders
  2 polar bears
  2 hippogriffs
  A hornet (D:9)
  3 slime creatures
  4 centaur simulacra (Gauntlet)
  A redback (Spider:1)
  A shadow (D:12)
  2 wyverns
  2 basilisks
  12 yaks
  4 wargs
  Menkaure (D:7)
  A hungry ghost (D:7)
  A water moccasin (Lair:4)
  3 porcupines
  A necrophage (D:9)
  7 orc warriors
  3 black bears
  3 centaurs
  An ogre (D:7)
  A phantom (D:11)
  6 wolves (Lair:1)
  A dream sheep skeleton (Lair:1)
  3 crocodiles
  11 bullfrogs
  A spiny frog simulacrum (Gauntlet)
  8 scorpions
  A water moccasin skeleton (Lair:1)
  13 killer bees (Lair:1)
  4 howler monkeys
  2 bullfrog zombies
  3 hounds
  5 jellies
  A bullfrog skeleton (D:5)
  9 orc priests
  7 orc wizards
  An iguana (D:7)
  9 worker ants
  An ogre zombie (D:10)
  An ogre skeleton (D:6)
  A hound skeleton (D:4)
  A hound zombie (D:10)
  A howler monkey zombie (D:5)
  3 gnolls (D:4)
  A howler monkey skeleton (D:4)
  13 adders
  A shadow imp (D:6)
  2 ufetubi (Gauntlet)
  2 oozes
  A worm zombie (D:3)
  An adder zombie (D:8)
  2 adder skeletons
  4 worms
  3 dart slugs (D:1)
  10 leopard geckos
  45 orcs
  2 ball pythons
  2 bat zombies (D:3)
  4 giant cockroaches
  9 goblins
  7 hobgoblins (D:1)
  6 jackals
  3 quokkas (D:5)
  8 bats
  3 frilled lizards
  A frilled lizard skeleton (D:6)
  A frilled lizard zombie (D:5)
  A goblin zombie (D:9)
  A hobgoblin zombie (D:9)
  A jackal skeleton (D:6)
  5 kobolds
  A kobold skeleton (D:9)
  2 kobold zombies (D:3)
  2 leopard gecko zombies
  4 orc skeletons
  An orc zombie (D:5)
  A quokka skeleton (D:8)
  10 rats
  A rat zombie (D:5)
  3 withered plants (Gauntlet)
344 creatures vanquished.

Vanquished Creatures (collateral kills)
  An unseen horror (D:12)
  A slime creature (Gauntlet)
  A black mamba (Lair:4)
  A hippogriff (D:12)
  A yak (D:10)
  A basilisk (Lair:1)
  A hungry ghost (D:9)
  A hornet zombie (D:10)
  A scorpion (D:10)
  A crimson imp (D:10)
  An orc priest (D:10)
  2 orc wizards
  An acid dragon zombie (D:9)
  An ufetubus (Gauntlet)
  2 orcs (D:12)
  An orc skeleton (D:8)
  An orc zombie (D:9)
19 creatures vanquished.

Vanquished Creatures (others)
  A killer bee (Lair:1)
  11 hexers
  A bush (D:12)
  10 withered plants (Gauntlet)
23 creatures vanquished.

Grand Total: 386 creatures vanquished

Notes
Turn   | Place    | Note
-------+----------+-------------------------------------------
     0 | D:1      | E1999 the Minotaur Fighter began the quest for the Orb.
     0 | D:1      | Reached XP level 1. HP: 19/19 MP: 0/0
    80 | D:1      | Reached skill level 4 in Armour
    83 | D:1      | Reached XP level 2. HP: 23/26 MP: 1/1
   161 | D:1      | Reached skill level 1 in Short Blades
   299 | D:1      | Reached XP level 3. HP: 28/31 MP: 2/2
   383 | D:1      | Reached skill level 2 in Short Blades
   744 | D:2      | Found a hide-covered altar of Uskayaw.
   829 | D:2      | Found a faded altar of an unknown god.
   838 | D:2      | Reached skill level 5 in Armour
   838 | D:2      | Reached XP level 4. HP: 33/39 MP: 3/3
   842 | D:2      | Became a worshipper of Kikubaaqudgha
   842 | D:2      | Reached * piety under Kikubaaqudgha
   842 | D:2      | Identified Kikubaaqudgha's Almanac of Unholy Rites
                  | (Kikubaaqudgha gifted it to you on level 2 of the Dungeon)
   842 | D:2      | Received a gift from Kikubaaqudgha
   846 | D:2      | Fell from the grace of Kikubaaqudgha
  1020 | D:2      | Found a shattered altar of Ashenzari.
  1031 | D:2      | Reached skill level 3 in Axes
  1743 | D:3      | Reached XP level 5. HP: 33/45 MP: 4/4
  2016 | D:3      | Reached skill level 4 in Axes
  2179 | D:4      | Reached skill level 5 in Axes
  2196 | D:4      | Reached skill level 6 in Armour
  2196 | D:4      | Reached XP level 6. HP: 50/51 MP: 5/5
  2214 | D:4      | Reached skill level 1 in Dodging
  2540 | D:4      | Reached skill level 6 in Axes
  2660 | D:4      | Found a shimmering altar of Xom.
  2660 | D:4      | Found a bloodstained altar of Trog.
  2661 | D:4      | Found a shimmering blue altar of Sif Muna.
  2721 | D:4      | Found a blossoming altar of Fedhas.
  2923 | D:5      | Entered Level 5 of the Dungeon
  2970 | D:5      | Reached skill level 2 in Dodging
  3041 | D:5      | Reached XP level 7. HP: 54/57 MP: 6/6
  3089 | D:5      | Reached skill level 7 in Axes
  3651 | D:5      | Reached skill level 3 in Dodging
  3972 | D:6      | Found Xemeliec's Armour Shop.
  3981 | D:6      | Reached skill level 8 in Axes
  4188 | D:6      | Reached skill level 4 in Dodging
  4188 | D:6      | Reached XP level 8. HP: 44/63 MP: 7/7
  4961 | D:7      | Reached skill level 9 in Axes
  5012 | D:7      | Noticed Menkaure
  5023 | D:7      | Killed Menkaure
  5142 | D:7      | Reached skill level 5 in Dodging
  5171 | D:7      | Reached skill level 10 in Axes
  5179 | D:7      | Found a staircase to the Ecumenical Temple.
  5191 | Temple   | Entered the Ecumenical Temple
  5349 | Temple   | Became a worshipper of Hepliaklqana the Forgotten
  5372 | Temple   | Upgraded the game from 0.24-a0-616-ge2a249a6fd to
                  | 0.24-a0-618-ge4662a2d14
  5452 | D:7      | Reached skill level 6 in Dodging
  5503 | D:7      | Reached skill level 11 in Axes
  5503 | D:7      | Reached XP level 9. HP: 48/61 MP: 8/8
  5549 | D:7      | Reached skill level 4 in Fighting
  5661 | D:7      | Found an ornate altar of the Wu Jian Council.
  5901 | D:8      | Noticed a two-headed ogre
  5909 | D:8      | Killed a two-headed ogre
  5909 | D:8      | Reached skill level 6 in Fighting
  5909 | D:8      | Reached skill level 7 in Dodging
  5951 | D:8      | Reached * piety under Hepliaklqana
  6162 | D:8      | Reached skill level 7 in Fighting
  6557 | D:9      | Reached ** piety under Hepliaklqana
  6562 | D:9      | Remembered your ancestor Cyneburga as a hexer
  6651 | D:9      | Found a stormy altar of Qazlal.
  6674 | D:9      | Found a glowing silver altar of Zin.
  6867 | D:9      | Found a runed translucent gate.
  6868 | D:9      | Found a runed translucent gate.
  6869 | D:9      | Found a runed translucent gate.
  6874 | D:9      | Noticed Ripnakha's ghost (novice TrMo)
  6875 | D:9      | Noticed paps's ghost (novice DsFi)
  6891 | D:9      | Killed Ripnakha's ghost
  6891 | D:9      | Reached skill level 8 in Fighting
  6891 | D:9      | Reached skill level 8 in Dodging
  6891 | D:9      | Reached XP level 10. HP: 52/79 MP: 9/9
  6903 | D:9      | Killed paps's ghost
  6903 | D:9      | Reached skill level 9 in Fighting
  7599 | D:10     | Entered Level 10 of the Dungeon
  7600 | D:10     | Reached skill level 10 in Fighting
  7660 | D:10     | Reached skill level 9 in Dodging
  7795 | D:10     | Noticed a two-headed ogre
  7836 | D:10     | Killed a two-headed ogre
  7836 | D:10     | Reached skill level 12 in Axes
  7836 | D:10     | Reached skill level 10 in Dodging
  7855 | D:10     | Found a staircase to the Lair.
  7948 | D:10     | You fall into a shaft and drop 2 floors!
  7971 | D:12     | Killed an unseen horror
  7971 | D:12     | Reached XP level 11. HP: 61/86 MP: 8/10
  8068 | D:13     | Reached skill level 13 in Axes
  8299 | D:12     | Reached skill level 11 in Dodging
  8634 | D:12     | Killed an unseen horror
  8778 | D:11     | Reached *** piety under Hepliaklqana
  9034 | D:10     | Killed an unseen horror
  9034 | D:10     | Reached skill level 14 in Axes
  9034 | D:10     | Reached skill level 12 in Dodging
  9157 | Lair:1   | Entered Level 1 of the Lair of Beasts
  9435 | Lair:1   | Reached skill level 1 in Invocations
  9435 | Lair:1   | Reached skill level 1 in Evocations
  9525 | Lair:1   | Reached **** piety under Hepliaklqana
  9548 | Lair:1   | Reached skill level 7 in Armour
  9660 | Lair:1   | Reached skill level 2 in Invocations
  9663 | Lair:1   | Reached XP level 12. HP: 88/92 MP: 12/12
  9672 | Lair:1   | Reached skill level 2 in Evocations
  9735 | Lair:1   | Was forgiven by Kikubaaqudgha
 10353 | Lair:2   | Reached skill level 8 in Armour
 10361 | Lair:2   | Reached skill level 3 in Invocations
 10377 | Lair:2   | Reached skill level 3 in Evocations
 10951 | Lair:2   | Found a hole to the Spider Nest.
 10961 | Spider:1 | Entered Level 1 of the Spider Nest
 10989 | Spider:1 | Reached skill level 9 in Armour
 11111 | Lair:3   | Noticed a four-headed hydra
 11114 | Lair:3   | Killed a one-headed hydra
 11114 | Lair:3   | Reached skill level 4 in Invocations
 11294 | Lair:4   | Reached skill level 4 in Shields
 11344 | Lair:4   | Noticed a four-headed hydra
 11354 | Lair:4   | Killed a one-headed hydra
 11354 | Lair:4   | Reached skill level 4 in Evocations
 11404 | Lair:4   | Found a gate leading to a gauntlet.
 11418 | Lair:4   | Reached skill level 10 in Armour
 11422 | Gauntlet | Entered a Gauntlet
 11422 | Gauntlet | Reached ***** piety under Hepliaklqana
 11422 | Gauntlet | Found a transporter.
 11422 | Gauntlet | Found a transporter.
 11422 | Gauntlet | Found a transporter.
 11423 | Gauntlet | Found a transporter.
 11424 | Gauntlet | Found a transporter.
 11427 | Gauntlet | Found a transporter.
 11435 | Gauntlet | Found a transporter.
 11436 | Gauntlet | Found a transporter.
 11437 | Gauntlet | Found a transporter.
 11438 | Gauntlet | Found a transporter.
 11471 | Gauntlet | Reached skill level 5 in Shields
 11619 | Gauntlet | Noticed a death ooze
 11619 | Gauntlet | Found a transporter.
 11633 | Gauntlet | Killed a death ooze
 12040 | Gauntlet | Found a runed translucent door.
 12059 | Gauntlet | Got a bone bardiche
 12061 | Gauntlet | Identified the cursed +1 bardiche of Annihilation
                  | {antimagic, rElec rC+} (You found it in a Gauntlet)
 12177 | Gauntlet | Noticed a minotaur
 12186 | Gauntlet | HP: 2/90 [minotaur/javelin (25)]
 12210 | Gauntlet | HP: 3/95 [minotaur (19)]
 12214 | Gauntlet | Headbutted by a minotaur

Levels and vault maps discovered:
D:1:      roderic_dead_forest, layout_basic
D:2:      layout_loops_ring, eat_drink_and_be_merry_uskayaw,
          ashenzari_conservatory_becter, chequers_ecumenical_altar_simple_redux
D:3:      layout_basic
D:4:      layout_loops_ring, gammafunk_temple_overflow_claw, first_ration,
          fedhas_altar_fruit_tree
D:5:      layout_gridville
D:6:      layout_layer_cave, serial_shops, shop
D:7:      layout_loops_ring, lemuel_coloured_pillars_altar,
          minmay_temple_entry_wispy, uniq_menkaure
D:8:      layout_gridville
D:9:      layout_loops_cross, nicolae_qazlal_style_of_elements, basic_altar,
          gammafunk_ghost_cemetery
D:10:     layout_roguey, erik_lair_orcish_takeover
D:11:     layout_loops_ring, gammafunk_ghost_grave, blue_anna_alchemist
          [blue_anna_fruit_fields, blue_anna_fruit_fields], uniq_harold
D:12:     layout_loops_ring, erik_orc_4, trog_ov_bears_minmay
D:13:     layout_basic, eino_curves_03, guppyfry_shop_blood, uniq_frances
Temple:   regret_index_temple_generic_petals
Lair:1:   wander_river, layout_gridlike, special_room [special_room_bee]
Lair:2:   layout_big_grid, spider_nest_entry_funnel_web
Lair:3:   layout_long_grid, elwin_shoals_entry_stream, st_stairs_8,
          serial_bayou_shore_b, grunt_megastairs_5, lemuel_fruit_tree
Lair:4:   layout_cave_pods, gauntlet_entry_generic, uniq_kirke
Spider:1: layout_spider_delve, special_room, uniq_jorgrun
Gauntlet: minmay_gauntlet_mixed_big_or_small [gammafunk_gauntlet_arena_grid,
          minmay_gauntlet_arena_77_squiggly,
          gammafunk_gauntlet_arena_arrow_garden,
          minmay_gauntlet_arena_77_checkered, nicolae_gauntlet_swirl,
          minmay_gauntlet_arena_77_path, gauntlet_exit_green]

Skill      XL: |  1  2  3  4  5  6  7  8  9 10 11 12 |
---------------+-------------------------------------+-----
Armour         | 4 5 6 7 10 | 10.5
Short Blades   | 1 2 |  2.5
Axes           | 3 5 6 8 11 12 14 | 14.2
Dodging        | 2 4 6 8 10 12 | 12.2
Fighting       | 8 10 | 10.0
Invocations    | 2 4 |  4.9
Evocations     | 1 4 |  4.4
Shields        | 5 |  5.9

Action                   |  1- 3 |  4- 6 |  7- 9 | 10-12 || total
-------------------------+-------+-------+-------+-------++-------
Melee: War axe           |    11 |   100 |   184 |   415 ||   710
       Short sword       |    47 |       |       |       ||    47
       Headbutt          |    12 |    16 |    36 |    94 ||   158
       Dagger            |    16 |       |       |       ||    16
Invok: Renounce Religion |       |     1 |       |       ||     1
       Ancestor Life: He |       |       |     1 |       ||     1
       Recall Ancestor   |       |       |       |     1 ||     1
Evoke: Wand              |       |       |       |     5 ||     5
  Use: Scroll            |       |     4 |     9 |    11 ||    24
       Potion            |       |       |     2 |    16 ||    18
 Stab: Sleeping          |       |     1 |       |       ||     1
       Distracted        |       |       |     1 |     2 ||     3
       Confused          |       |       |       |     2 ||     2
  Eat: Ration            |       |     1 |     2 |     5 ||     8
       Chunk             |       |     3 |     8 |     2 ||    13
Armor: Scale mail        |     8 |       |       |       ||     8
       Ring mail         |    23 |    54 |    73 |    72 ||   222
       Plate armour      |       |       |       |    68 ||    68
Dodge: Dodged            |    45 |    66 |    99 |   247 ||   457
       Deflected         |       |       |       |     6 ||     6
Block: Shield            |       |       |       |    23 ||    23

Table legend:
 A = Non-vault XP
 B = Vault XP
 C = Vault XP percentage of total XP
 D = Non-vault monster count
 E = Vault monster count
 F = Vault count percentage of total count
                 A         B        C        D         E       F
            +---------+---------+-------+---------+---------+-------
      Total |   26331 |    9053 |  25.6 |     281 |      48 |  14.6
            +---------+---------+-------+---------+---------+-------
        D:1 |      68 |       0 |   0.0 |      34 |       0 |   0.0
        D:2 |      68 |       0 |   0.0 |      15 |       0 |   0.0
        D:3 |      77 |       0 |   0.0 |      26 |       0 |   0.0
        D:4 |     486 |       0 |   0.0 |      24 |       0 |   0.0
        D:5 |     371 |       0 |   0.0 |      11 |       0 |   0.0
        D:6 |     434 |       0 |   0.0 |      15 |       0 |   0.0
        D:7 |    1555 |     169 |   9.8 |      31 |       1 |   3.1
        D:8 |    1093 |       0 |   0.0 |      10 |       0 |   0.0
        D:9 |     762 |    1770 |  69.9 |       9 |       2 |  18.2
       D:10 |    5113 |     639 |  11.1 |      34 |       9 |  20.9
       D:11 |     318 |       0 |   0.0 |       6 |       0 |   0.0
       D:12 |    4651 |     602 |  11.5 |      22 |       5 |  18.5
       D:13 |     256 |       0 |   0.0 |       1 |       0 |   0.0
     Lair:1 |    3114 |    1218 |  28.1 |      17 |      15 |  46.9
     Lair:2 |    2534 |    1219 |  32.5 |      12 |       4 |  25.0
     Lair:3 |    1201 |       0 |   0.0 |       2 |       0 |   0.0
     Lair:4 |    2818 |       0 |   0.0 |       8 |       0 |   0.0
   Spider:1 |    1153 |       0 |   0.0 |       3 |       0 |   0.0
   Gauntlet |     259 |    3436 |  93.0 |       1 |      12 |  92.3
            +---------+---------+-------+---------+---------+-------
